Map: Traitor's Exile

Players

IIIIIIIIIIII

  • Race: Zerg Zerg
  • Spawn Location: 12:00

llllllllllll

  • Race: Protoss Protoss
  • Spawn Location: 9:00

LeoNaVinci - Winner!

  • Race: Terran Terran
  • Spawn Location: 5:00

PureLegacy - Winner!

  • Race: Terran Terran
  • Spawn Location: 6:00

VOD

Have the link to the VOD?

Description

Time

  • Played on: Nov. 26, 2018, 8:27 a.m.
  • Length: 6:31
Show
View Real Time Build Order
Export as new Build Order

IIIIIIIIIIII Zerg 

Build Orders: Pool First 

Get SALT Encoding   

  12  0:03  Drone  
  13  0:13  Overlord  
  13  0:18  Drone  
  14  0:24  Drone, Extractor  
  15  0:33  Drone  
  16  0:35  Drone  
  16  0:39  Extractor  
  16  0:50  Spawning Pool  
  16  0:52  Drone  
  16  1:18  Drone  
  17  1:37  Zergling x6  
  20  1:40  Metabolic Boost  
  20  1:42  Queen  
  22  1:50  Overlord  
  22  2:11  Zergling x4  
  24  2:33  Zergling x4  
  26  2:46  Zergling x2  
  25  3:00  Hatchery  
  23  3:06  Queen  
  23  3:07  Zergling x8  
  25  3:42  Zergling x2  
  25  3:43  Zergling x8  
  28  3:51  Extractor  
  28  3:52  Roach Warren  
  23  4:16  Hatchery  
  22  4:20  Zergling x10  
  27  4:26  Zergling x6  
  27  4:28  Queen  
  29  5:23  Overlord x2  
  29  5:26  Lair  
  26  5:37  Roach x2  
  26  5:38  Roach x6  
  35  6:07  Roach x6  
  35  6:08  Roach x5  
Show
View Real Time Build Order
Export as new Build Order

llllllllllll Protoss 

Build Orders: Cannon Rush 

Get SALT Encoding   

  1  0:00  Probe  
  12  0:05  Probe  
  14  0:18  Pylon  
  14  0:22  Probe  
  15  0:39  Forge  
  15  0:41  Probe  
  16  0:53  Probe  
  17  0:58  Pylon  
  17  1:17  Photon Cannon  
  17  1:18  Photon Cannon  
  17  1:27  Pylon  
  17  1:46  Photon Cannon x2  
  17  1:53  Pylon  
  16  2:09  Probe  
  16  2:17  Gateway, Probe  
  16  2:18  Assimilator  
  17  2:26  Probe  
  17  2:28  Assimilator  
  18  2:34  Probe  
  18  2:39  Photon Cannon  
  18  2:42  Probe  
  20  2:54  Probe  
  21  3:06  Probe  
  22  4:39  Gateway  
  21  5:18  Pylon  
  21  5:20  Photon Cannon  
Show
View Real Time Build Order
Export as new Build Order

LeoNaVinci Terran - Winner!

Build Orders: Mech 

Get SALT Encoding   

  12  0:01  SCV  
  13  0:13  SCV  
  14  0:18  Supply Depot  
  14  0:25  SCV  
  15  0:40  SCV  
  15  0:42  Barracks  
  16  0:48  Refinery  
  16  0:52  SCV  
  17  1:04  SCV  
  18  1:16  SCV  
  19  1:30  Barracks  
  19  1:35  Bunker  
  19  1:36  Marine  
  19  1:38  Orbital Command  
  20  1:53  Marine  
  17  2:17  Supply Depot  
  17  2:20  Bunker  
  16  2:28  Barracks Reactor  
  16  2:45  Refinery  
  16  2:46  Factory  
  16  2:47  Supply Depot  
  16  3:02  Command Center  
  16  3:09  Marine, SCV  
  18  3:18  Marine  
  19  3:21  SCV  
  19  3:26  Marine  
  20  3:31  Factory Reactor  
  21  3:35  Marine  
  21  3:38  Starport  
  22  3:44  SCV  
  23  4:07  Supply Depot  
  23  4:13  Marine x2, SCV  
  26  4:19  Viking  
  28  4:35  Marine x2  
  28  4:36  Factory Tech Lab  
  30  4:43  Orbital Command  
  30  4:56  Siege Tank  
  30  4:57  SCV  
  34  5:09  Factory, SCV  
  34  5:10  Liberator  
  38  5:34  Siege Tank  
  41  5:38  SCV x2  
  41  5:41  Supply Depot  
  43  5:43  Engineering Bay  
  43  5:55  Factory  
  43  6:00  Hellion  
  43  6:02  SCV  
  43  6:03  SCV  
  47  6:05  Supply Depot  
  47  6:22  Barracks Reactor  
Show
View Real Time Build Order
Export as new Build Order

PureLegacy Terran - Winner!

Build Orders:  

Get SALT Encoding   

  12  0:01  SCV  
  13  0:13  SCV  
  14  0:18  Supply Depot  
  14  0:25  SCV  
  15  0:29  Refinery  
  15  0:40  SCV  
  16  0:46  Barracks  
  16  0:52  SCV  
  17  1:03  Barracks  
  17  1:16  Barracks  
  17  1:21  SCV  
  18  1:33  Reaper  
  19  1:41  Orbital Command  
  19  1:49  Refinery  
  19  1:57  Reaper  
  20  2:10  Reaper  
  20  2:12  Reaper  
  17  2:29  Reaper  
  17  2:38  Supply Depot  
  17  2:54  Supply Depot  
  17  3:00  SCV  
  19  3:07  Reaper  
  19  3:09  Reaper  
  20  3:25  Barracks  
  20  3:39  Reaper  
  20  3:46  Reaper  
  20  3:47  SCV  
  22  4:10  Barracks  
  22  4:13  Reaper  
  22  4:15  Barracks  
  23  4:18  Reaper  
  23  4:21  Reaper  
  25  4:38  SCV  
  25  4:41  Supply Depot  
  26  4:49  Reaper  
  27  4:57  Supply Depot  
  27  4:58  Reaper  
  28  5:06  Reaper  
  29  5:08  Reaper  
  29  5:09  Reaper  
  29  5:10  SCV  
  32  5:22  SCV  
  32  5:26  Reaper  
  34  5:30  Reaper  
  34  5:43  Reaper  
  34  5:46  Command Center  
  35  5:55  Reaper  
  36  6:04  SCV  
Tags
 
Add a new tag
Caveats
  • Supply blocks, unpowered buildings, or Contaminate may cause inaccurate times.
  • Supply counts are checked every 10 seconds.